AoeStats
← Illice90

Arabia

507076534Analyzed
1v1 RM · 14d ago on Sep 16, 2026· 31m 34s· 2 players
Game mode
Random Map
Map size
Tiny (2 player)
Population
200
Speed
Normal
Resources
Standard
Victory
Conquest
Starting age
Dark Age
Ending age
Imperial Age
RankedLock teamsTeams togetherTeam positionsShared explorationLock speedFull tech treeHidden civsTurbo modeCheats
Victory
Defeat
🇪🇸 Tatars · Spain
921
+17
🇨🇳 Franks · China
935
-17
Illice90
6:09 Loom
11:08 Feudal Age
16:32 Castle Age
15:41 Double-Bit Axe
15:39 Horse Collar
16:16 Fletching
18:35 Bodkin Arrow
24:45 Husbandry
27:45 Bloodlines
29:32 Bow Saw
29:15 Gold Mining
29:42 Heavy Plow
86969829
4:51 Loom
11:09 Feudal Age
11:18 Man-at-Arms
16:44 Padded Archer Armor
20:13 Castle Age
18:55 Fletching
20:58 Double-Bit Axe
22:37 Bow Saw
23:16 Scale Barding Armor
24:40 Elite Skirmisher
27:56 Gold Mining
28:55 Husbandry
28:54 Stone Mining
30:13 Gold Shaft Mining
Connection lost

Rejoining the realm…

Still unreachable

The connection could not be restored.

Session expired

The server has moved on; the page needs a fresh start.